 Dungeon Crawl Stone Soup version 0.26.1-2-gb8aa6d0cf2 (console) character file.

Game seed: 12884019015201897837

4172 GodsVoicemail the Transmogrifier (level 10, -3/70 HPs)
             Began as a Merfolk Transmuter on Mar 5, 2021.
             Was an Initiate of Gozag.
             Slain by a vampire (13 damage)
             ... on level 9 of the Dungeon.
             The game lasted 00:45:00 (10810 turns).

GodsVoicemail the Transmogrifier (MfTm)            Turns: 10810, Time: 00:45:01

Health: -3/70      AC:  3    Str: 10    XL:     10   Next: 28%
Magic:  18/20      EV: 14    Int: 28    God:    Gozag
Gold:   1421       SH:  0    Dex: 15    Spells: 15/23 levels left

rFire    . . .     SeeInvis .     - Unarmed
rCold    . . .     Faith    .   (shield currently unavailable)
rNeg     . . .     Spirit   .   c - +0 robe
rPois    .         Reflect  +   (no helmet)
rElec    .         Harm     .   y - +0 cloak
rCorr    .         Rampage  .   (gloves currently unavailable)
Will     .....     Rnd*Rage +   (no boots)
Stlth    +.........             m - amulet of reflection
HPRegen  0.21/turn              e - +6 ring of intelligence
MPRegen  0.17/turn              u - +6 ring of intelligence

@: confused, blade hands (expiring), wereblooded, gold aura
A: change form in water, swift swim, stealthy swim, berserk 1, sense
surroundings 1, wild magic 1
a: End Transformation, Renounce Religion, Potion Petition, Call Merchant, Bribe
Branch


You were on level 9 of the Dungeon.
You worshipped Gozag.
Gozag was most pleased with you.
You had blades for hands.
You visited 1 branch of the dungeon, and saw 9 of its levels.

You collected 1463 gold pieces.
You paid 42 gold pieces to Gozag.

Inventory:

Hand Weapons
 a - a +1 dagger of venom
Missiles
 j - 249 stones
 G - 3 boomerangs
Armour
 c - a +0 robe (worn)
 y - a +0 cloak (worn)
Jewellery
 e - a +6 ring of intelligence (left scythe-like blade)
 m - an amulet of reflection (around neck)
 u - a +6 ring of intelligence (right scythe-like blade)
 E - an uncursed ring of ice {unknown}
 F - an uncursed ring of protection from cold {unknown}
 I - a +4 ring of slaying {unknown}
Wands
 n - a wand of random effects (24)
 w - a wand of paralysis (8)
 A - a wand of digging (9)
 D - a wand of iceblast (7)
 H - a wand of enslavement (5)
Scrolls
 b - 11 scrolls of identify
 d - 3 scrolls of fear
 f - 5 scrolls of remove curse
 g - 8 scrolls of teleportation
 i - 2 scrolls of magic mapping {unknown}
 q - 2 scrolls of noise {unknown}
 s - 2 scrolls of fog {unknown}
 v - a scroll of immolation {unknown}
 B - a scroll of enchant weapon {unknown}
 C - a scroll of silence {unknown}
 J - a scroll of amnesia {unknown}
 K - a scroll of enchant armour {unknown}
Potions
 h - a potion of haste {unknown}
 k - 2 potions of magic {unknown}
 o - 2 potions of heal wounds {unknown}
 p - a potion of invisibility
 r - a potion of resistance {unknown}
 t - 4 potions of curing {unknown}
 x - a potion of berserk rage {unknown}
 z - a potion of might {unknown}


   Skills:
 - Level 3.1 Fighting
 - Level 4.1 Dodging
 * Level 10.1 Unarmed Combat
 * Level 7.2 Spellcasting
 * Level 10.8 Transmutations


You had 15 spell levels left.
You knew the following spells:

 Your Spells              Type           Power        Failure   Level
a - Beastly Appendage     Tmut           100%         10%         1
b - Wereblood             Tmut           75%          11%         2
c - Blade Hands           Tmut           37%          26%         5

Your spell library contained the following spells:

 Spells                   Type           Power        Failure   Level
 Sting                    Tmut/Pois      100%         17%         1
 Spider Form              Tmut/Pois      25%          26%         3
 Ignite Poison            Fire/Tmut/Pois 39%          36%         3
 Ice Form                 Ice/Tmut       51%          43%         4
 Poisonous Vapours        Pois/Air       26%          52%         2
 Mephitic Cloud           Conj/Pois/Air  13%          65%         3
 Olgreb's Toxic Radiance  Pois           13%          90%         4


Dungeon Overview and Level Annotations

Branches:
Dungeon (9/15)             Temple (0/1) D:4
   Lair: D:8-11         Orc: D:9-12

Altars:
Gozag
Qazlal
Yredelemnul

Annotations:
D:8 exclusion: downstairs
D:9 exclusion: killer bee


Innate Abilities, Weirdness & Mutations

You revert to your normal form in water.
You are very nimble and swift while swimming.
You are very stealthy in the water. (Stealth+)
You tend to lose your temper in combat.
You passively map a small area around you.
Your spells are a little harder to cast, but a little more powerful.


Message History

The gnoll is no longer distracted by gold.
You hit something. Your slash misses something. Something barely misses you.
Something bites you!
Something draws strength from your injuries!
You slash something! You slice the gnoll!!
You kill the gnoll!
Something hits you! Something bites you!
Something draws strength from your injuries!
You slash something! Something hits you!
* * * LOW HITPOINT WARNING * * *
Something bites you!
* * * LOW HITPOINT WARNING * * *
Something draws strength from your injuries!
You are confused.
You feel invigorated.
You howl as the wereblood boils in your veins!
Something hits you!
You die...
Your body crumbles into a pile of gold.

#................#
#................#
#..........#####.#
#..........#
#.####
#..........#
#....#
#.#+######.#
#....# #.# , #.#
#....# #.# #....#
* , ,,#.# #@$..# ,
#.#* #$$..# , , ,
, .....# , ......#
, ,..).#### ,
.....# ......# ,
.......#


There were no monsters in sight!

Vanquished Creatures
  A hornet (D:9)
  Sigmund (D:6)
  Menkaure (D:6)
  Edmund (D:6)
  2 water moccasins
  2 hornet zombies
  2 orc warriors (D:7)
  3 sky beasts
  2 black bears (D:8)
  An ice beast (D:8)
  7 ogres
  A phantom (D:8)
  A centaur (D:7)
  2 bullfrogs
  A wyvern zombie (D:9)
  A scorpion (D:5)
  A water moccasin skeleton (D:6)
  2 howler monkeys (D:7)
  3 jellies
  2 electric eels (D:6)
  7 hounds
  2 bullfrog skeletons
  A centaur skeleton (D:4)
  3 orc priests
  9 orc wizards
  Jessica (D:2)
  A worker ant (D:8)
  2 iguanas
  A killer bee zombie (D:8)
  A hound zombie (D:7)
  A hound skeleton (D:5)
  A mummy (D:7)
  8 adders
  8 gnolls (D:9)
  2 white imps
  4 ufetubi
  2 oozes
  An adder zombie (D:6)
  An adder skeleton (D:6)
  4 worms
  11 dart slugs
  5 leopard geckos
  36 orcs
  A ball python (D:6)
  5 giant cockroaches
  8 goblins
  6 hobgoblins
  10 jackals
  5 quokkas
  3 bats
  2 frilled lizards (D:2)
  8 kobolds
  A leopard gecko skeleton (D:5)
  6 rats
204 creatures vanquished.

Vanquished Creatures (others)
  28 plants (D:6)
28 creatures vanquished.

Grand Total: 232 creatures vanquished

Notes
Turn   | Place    | Note
-------+----------+-------------------------------------------
     0 | D:1      | GodsVoicemail the Merfolk Transmuter began the quest for
                  | the Orb.
     0 | D:1      | Reached XP level 1. HP: 15/15 MP: 3/3
    18 | D:1      | You fall into a shaft and drop 1 floor!
   190 | D:1      | Reached XP level 2. HP: 17/21 MP: 3/5
   802 | D:1      | Reached XP level 3. HP: 26/26 MP: 4/6
  1004 | D:1      | Learned a level 2 spell: Wereblood
  1245 | D:2      | Reached XP level 4. HP: 19/32 MP: 5/7
  1440 | D:2      | Noticed Jessica
  1463 | D:2      | Killed Jessica
  1966 | D:3      | Found an opulent altar of Gozag.
  1977 | D:3      | Became a worshipper of Gozag Ym Sagoz the Greedy
  2059 | D:3      | Reached skill level 5 in Unarmed Combat
  2076 | D:3      | Reached XP level 5. HP: 31/37 MP: 6/8
  2263 | D:3      | You fall into a shaft and drop 2 floors!
  2263 | D:5      | Entered Level 5 of the Dungeon
  2497 | D:4      | Found a staircase to the Ecumenical Temple.
  2529 | D:4      | Noticed an ogre
  3001 | D:5      | Reached XP level 6. HP: 28/43 MP: 7/9
  3751 | D:5      | Gained mutation: Armour fits poorly on your strangely
                  | shaped body. [potion of mutation]
  3751 | D:5      | Gained mutation: Your mind is acute. (Int +2) [potion of
                  | mutation]
  3751 | D:5      | Gained mutation: You are somewhat resistant to further
                  | mutation. [potion of mutation]
  3754 | D:5      | Reached skill level 5 in Transmutations
  3935 | D:5      | Learned a level 5 spell: Blade Hands
  3939 | D:5      | Lost mutation: Armour fits poorly on your strangely shaped
                  | body. [potion of mutation]
  3939 | D:5      | Lost mutation: You are somewhat resistant to further
                  | mutation. [potion of mutation]
  3939 | D:5      | Lost mutation: Your mind is acute. (Int +2) [potion of
                  | mutation]
  3939 | D:5      | Gained mutation: Your spells are a little harder to cast,
                  | but a little more powerful. [potion of mutation]
  3939 | D:5      | Gained mutation: You passively map a small area around you.
                  | [potion of mutation]
  4099 | D:7      | Reached XP level 7. HP: 38/50 MP: 9/11
  5015 | D:6      | Gained mutation: You tend to lose your temper in combat.
                  | [mutagenic glow]
  5217 | D:6      | Reached XP level 8. HP: 48/58 MP: 2/13
  5536 | D:6      | Noticed Sigmund
  5545 | D:6      | Killed Sigmund
  5749 | D:6      | Noticed Menkaure
  6575 | D:6      | Killed Menkaure
  6576 | D:6      | Reached skill level 5 in Spellcasting
  6896 | D:6      | Reached XP level 9. HP: 61/63 MP: 10/16
  6957 | D:6      | Noticed Edmund
  6968 | D:6      | Killed Edmund
  9119 | D:8      | Found a basalt altar of Yredelemnul.
  9606 | D:8      | Found a stormy altar of Qazlal.
  9727 | D:8      | Reached skill level 10 in Transmutations
  9981 | D:8      | Reached XP level 10. HP: 70/70 MP: 14/20
 10395 | D:9      | Reached skill level 10 in Unarmed Combat
 10810 | D:9      | Slain by a vampire

Illustrated notes

Levels and vault maps discovered:
D:1:      evilmike_arrival_plus, layout_basic
D:2:      layout_rooms, uniq_jessica
D:3:      layout_rooms, nicolae_gozag_seed_capital
D:4:      layout_rooms, temple_hall
D:5:      cheibrodos_quashed, layout_loops_corners
D:6:      kennysheep_slugbush, layout_rooms, serial_bayou_lake_a, uniq_menkaure,
          uniq_sigmund, uniq_edmund
D:7:      layout_cave_pods, gup_ossuary_entry_pyramid,
          hangedman_abyss_or_decor_stabs
D:8:      layout_basic, kennysheep_mini_moat, kennysheep_pointless_box,
          serial_park_tiny_1, lemuel_altar_in_water
D:9:      layout_irregular_city, hangedman_fish_farm, uniq_maggie

Skill      XL: |  1  2  3  4  5  6  7  8  9 10 |
---------------+-------------------------------+-----
Dodging        | 3 4 |  4.1
Unarmed Combat | 4 5 6 8 9 10 | 10.1
Transmutations | 3 4 5 6 8 10 | 10.8
Fighting       | 2 3 |  3.1
Spellcasting   | 3 5 6 7 |  7.2

Action                   |  1- 3 |  4- 6 |  7- 9 | 10-12 || total
-------------------------+-------+-------+-------+-------++-------
Melee: Unarmed           |    12 |     6 |   257 |    57 ||   332
       Dagger            |    67 |   109 |       |       ||   176
       Headbutt          |    11 |    19 |    10 |       ||    40
       Punch             |     3 |     4 |     6 |       ||    13
Throw: Stone             |       |    10 |     8 |       ||    18
 Cast: Beastly Appendage |    16 |    21 |    13 |       ||    50
       Wereblood         |     1 |     3 |    12 |     3 ||    19
       Blade Hands       |       |       |    36 |     8 ||    44
Evoke: Wand              |       |       |       |     1 ||     1
  Use: Scroll            |       |     4 |       |       ||     4
       Potion            |       |     5 |       |     1 ||     6
Armor: Robe              |    12 |     8 |    10 |     3 ||    33
       Skin              |       |     1 |       |       ||     1
Dodge: Dodged            |    43 |    65 |   118 |    17 ||   243
Block: Other             |       |    14 |    35 |     7 ||    56
       Reflection        |       |       |     1 |       ||     1
